[Event "RUS-ch Blitz Women 2018"]
[Site "Sochi"]
[Date "2018.10.07"]
[Round "19"]
[White "Dordzhieva, Dinara"]
[Black "Maletina, Tatiana"]
[Result "1-0"]
[ECO "A06"]
[WhiteElo "2340"]
[BlackElo "2270"]
[Annotator "NA"]
[PlyCount "119"]
[EventDate "2018.10.07"]
[EventType "swiss"]
[EventCountry "RUS"]
[SourceTitle "playchess.com"]
[Source "ChessBase"]
[SourceQuality "1"]
[TimeControl "180+2"]

1. Nf3 d5 2. g3 Bg4 3. Bg2 Nd7 4. d4 c6 5. h3 Bh5 6. b3 e6 7. c4 f5 8. O-O Ngf6 9. Ba3 Bxa3 10. Nxa3 O-O 11. Nc2 Ne4 12. Nce1 Qf6 13. Rc1 Rad8 14. Nd3 Bxf3 15. exf3 Nd6 16. Nf4 dxc4 17. bxc4 e5 18. dxe5 Nxe5 19. Qb3 Qf7 20. c5 Nb5 21. Rfe1 Rfe8 22. Qxf7+ Kxf7 23. Rcd1 Rxd1 24. Rxd1 Nc3 25. Rd2 Re7 26. Nd3 Nxd3 27. Rxd3 Ne2+ 28. Kh2 f4 29. Bf1 g5 30. Rd2 Nc3 31. Bc4+ Kf6 32. Rd6+ Ke5 33. Rd2 Na4 34. h4 h6 35. Re2+ Kf6 36. Rd2 gxh4 37. gxh4 Nxc5 38. Rd6+ Kg7 39. h5 b5 40. Rg6+ Kh7 41. Bg8+ Kh8 42. Rxc6 Nd3 43. Bb3 Ne5 44. Rxh6+ Kg7 45. Ra6 Nxf3+ 46. Kg2 Ng5 47. h6+ Kh8 48. Rc6 Nf7 49. Bc2 Re8 50. Rc7 Nxh6 51. Rh7+ Kg8 52. Rxh6 Re2 53. Bb3+ Kg7 54. Ra6 Re7 55. Ra5 Rb7 56. Kf3 Kf6 57. Kxf4 Rh7 58. Ra6+ Kg7 59. Rxa7+ Kh6 60. Rxh7+ 1-0

[Event "RUS-ch Blitz Women 2018"]
[Site "Sochi"]
[Date "2018.10.07"]
[Round "19"]
[White "Guseva, Marina"]
[Black "Charochkina, Daria"]
[Result "0-1"]
[ECO "A81"]
[WhiteElo "2292"]
[BlackElo "2344"]
[Annotator "NA"]
[PlyCount "140"]
[EventDate "2018.10.07"]
[EventType "swiss"]
[EventCountry "RUS"]
[SourceTitle "playchess.com"]
[Source "ChessBase"]
[SourceQuality "1"]
[TimeControl "180+2"]

1. d4 f5 2. g3 Nf6 3. Bg2 e6 4. c4 d5 5. b3 c6 6. Nh3 $11 {[%emt 0:00:01] LiveBook: 17 Partien} Bd6 7. O-O O-O 8. Ba3 b6 9. Bxd6 Qxd6 10. Nd2 Nbd7 11. Nf4 Bb7 12. e3 g5 13. Nd3 g4 14. cxd5 exd5 15. Nf4 Rf7 16. Rc1 Re8 17. Qc2 Ne4 18. Nxe4 fxe4 19. Qe2 Rg7 20. h4 gxh3 21. Bxh3 Kh8 22. Kg2 Reg8 23. Rh1 Bc8 24. Be6 Re8 25. Rh6 Nf8 26. Qh5 Rxe6 27. Nxe6 Bxe6 28. Qe8 Bf7 29. Rxd6 Bxe8 30. Rd8 Re7 31. b4 b5 32. a4 a6 33. axb5 axb5 34. Ra1 Kg8 35. Raa8 Kf7 36. Ra1 Ne6 37. Rc8 Ng5 38. Rca8 Bd7 39. R1a7 Bh3+ 40. Kh2 Be6 41. Rxe7+ Kxe7 42. Ra7+ Bd7 43. g4 Nf3+ 44. Kg3 Ne1 45. Ra1 Nc2 46. Rh1 Nxb4 47. Rxh7+ Kd6 48. f4 exf3 49. Kxf3 Nc2 50. Rh2 Na3 51. g5 b4 52. Rb2 c5 53. dxc5+ Kxc5 54. g6 Kc4 55. g7 Be6 56. Kf4 Kc3 57. Rh2 b3 58. Ke5 Bf7 59. Kf6 Bg8 60. Rh8 b2 61. Rxg8 b1=Q 62. Rc8+ Nc4 63. g8=Q Qf1+ 64. Ke7 Qf5 65. Qe6 Qd3 66. Rc5 Qh7+ 67. Kd8 Qh8+ 68. Kc7 Qg7+ 69. Kd8 Qf8+ 70. Kd7 Qxc5 0-1

[Event "RUS-ch Blitz Women 2018"]
[Site "Sochi"]
[Date "2018.10.07"]
[Round "19"]
[White "Maltsevskaya, Aleksandra"]
[Black "Kashlinskaya, Alina"]
[Result "0-1"]
[ECO "A07"]
[WhiteElo "2290"]
[BlackElo "2447"]
[Annotator "NA"]
[PlyCount "80"]
[EventDate "2018.10.07"]
[EventType "swiss"]
[EventCountry "RUS"]
[SourceTitle "playchess.com"]
[Source "ChessBase"]
[SourceQuality "1"]
[TimeControl "180+2"]

1. Nf3 Nf6 2. g3 d5 3. Bg2 Bg4 4. O-O c6 5. d3 Nbd7 {[%emt 0:00:03] LiveBook: 2109 Games} 6. Nbd2 e5 7. h3 Bh5 8. e4 dxe4 9. dxe4 Bc5 10. c3 a5 {[%emt 0:00:02] A07: Réti Opening: New York and Capablanca Systems} (10... O-O 11. Qc2 a5 12. a4 Bxf3 13. Nxf3 Qc7 14. Bd2 Rfe8 15. b4 Bf8 16. Rab1 c5 17. bxa5 Rxa5 18. c4 {0-1 (46) Golubov,S (2481)-Pridorozhni,A (2579) St Petersburg 2016}) 11. Qe2 O-O 12. Rd1 Qc7 13. Nf1 a4 $146 ({Predecessor:} 13... Rfd8 14. g4 Bg6 15. Ng3 Nf8 16. Bg5 Be7 17. h4 h6 18. Bxf6 Bxf6 19. g5 hxg5 20. hxg5 Be7 21. Bh3 Rxd1+ 22. Rxd1 Rd8 23. Rxd8 Qxd8 {½-½ (23) Milligan,T-Mannion,S St Andrews 1981}) 14. g4 Bg6 15. Nh4 b5 16. Nf5 Rfe8 17. N1g3 Nb6 {[%emt 0:00:06] [#]} 18. h4 (18. g5 $1 $16 Nfd7 19. h4) 18... Nc4 (18... Bxf5 $11 19. Nxf5 Nfd7) 19. g5 Nd7 20. h5 Bxf5 21. exf5 e4 22. Nxe4 Bb6 23. g6 $11 ({Better is} 23. Qg4 $18 Nde5 24. Qg3) 23... Nc5 24. gxh7+ Kh8 25. Qg4 Nxe4 26. Bxe4 f6 27. Bg2 Ne5 28. Qh4 Kxh7 29. Bf4 Qf7 30. Rd6 Rad8 31. Rad1 Rxd6 32. Rxd6 Qe7 33. Re6 Qd7 34. h6 g5 35. fxg6+ Nxg6 36. Qxf6 Rxe6 37. Qg5 Nxf4 38. Qxf4 Qd1+ 39. Kh2 Rxh6+ 40. Bh3 Qd6 0-1

[Event "RUS-ch Blitz Women 2018"]
[Site "Sochi"]
[Date "2018.10.07"]
[Round "19"]
[White "Potapova, Margarita"]
[Black "Solozhenkina, Elizaveta"]
[Result "0-1"]
[ECO "B23"]
[WhiteElo "2284"]
[BlackElo "2134"]
[Annotator "NA"]
[PlyCount "46"]
[EventDate "2018.10.07"]
[EventType "swiss"]
[EventCountry "RUS"]
[SourceTitle "playchess.com"]
[Source "ChessBase"]
[SourceQuality "1"]
[TimeControl "180+2"]

1. e4 c5 2. Nc3 d6 3. d4 cxd4 4. Qxd4 Nc6 5. Qd2 g6 6. b3 Bh6 7. f4 Nf6 8. Bb2 O-O 9. O-O-O e5 10. g3 Bg4 11. Be2 Nd4 12. Bxg4 Nxg4 13. Nd5 Ne6 14. Kb1 Nc5 15. Qe2 Nf6 16. fxe5 dxe5 17. Bxe5 Nxd5 18. Rxd5 Qb6 19. Bd4 Rac8 20. Qf2 Rfd8 21. Bxc5 Rxd5 22. Bxb6 Rd1+ 23. Kb2 Bc1+ 0-1

[Event "RUS-ch Blitz Women 2018"]
[Site "Sochi"]
[Date "2018.10.07"]
[Round "19"]
[White "Kovanova, Baira"]
[Black "Nebolsina, Vera"]
[Result "1-0"]
[ECO "A05"]
[WhiteElo "2205"]
[BlackElo "2220"]
[Annotator "NA"]
[PlyCount "47"]
[EventDate "2018.10.07"]
[EventType "swiss"]
[EventCountry "RUS"]
[SourceTitle "playchess.com"]
[Source "ChessBase"]
[SourceQuality "1"]
[TimeControl "180+2"]

1. Nf3 Nf6 2. g3 g6 3. Bg2 Bg7 4. O-O O-O 5. c4 d6 6. Nc3 e5 7. d3 c6 8. h3 h6 9. e4 Be6 10. Be3 Nbd7 11. b3 d5 12. exd5 cxd5 13. d4 dxc4 14. d5 Bf5 15. bxc4 Rc8 16. g4 Rxc4 17. Qb3 Bd3 18. Rfd1 e4 19. Rxd3 exd3 20. Qxc4 Nxd5 21. Qxd5 Bxc3 22. Rd1 Nf6 23. Qxd3 Qa5 24. Bxh6 1-0

[Event "RUS-ch Blitz Women 2018"]
[Site "Sochi"]
[Date "2018.10.07"]
[Round "19"]
[White "Styazhkina, Anna"]
[Black "Vasilevich, Tatjana"]
[Result "0-1"]
[ECO "B40"]
[WhiteElo "2128"]
[BlackElo "2360"]
[Annotator "NA"]
[PlyCount "114"]
[EventDate "2018.10.07"]
[EventType "swiss"]
[EventCountry "RUS"]
[SourceTitle "playchess.com"]
[Source "ChessBase"]
[SourceQuality "1"]
[TimeControl "180+2"]

1. e4 c5 2. Nf3 e6 3. c4 Nc6 4. Nc3 Nd4 $11 5. d3 g6 6. g3 Bg7 7. Nxd4 cxd4 8. Ne2 e5 9. b3 h5 10. Bg2 h4 11. h3 hxg3 12. fxg3 d6 13. Ng1 Nf6 14. Qe2 Nh5 15. Qf2 Bf6 16. Nf3 Be6 17. Bd2 Be7 18. g4 Nf6 19. Rf1 Nh7 20. Ke2 Ng5 21. Bxg5 Bxg5 22. Nxg5 Qxg5 23. Rac1 b6 24. b4 Rc8 25. b5 Kf8 26. a4 Kg7 27. Qg3 f5 28. exf5 gxf5 29. Rg1 fxg4 30. hxg4 Bxg4+ 31. Qxg4 Qxg4+ 32. Bf3 Qxg1 33. Rxg1+ Kf6 34. Be4 Rcg8 35. Rf1+ Ke7 36. a5 Rh2+ 37. Kd1 bxa5 38. Bd5 Rg7 39. Kc1 a4 40. Kb1 a3 41. Ka1 Rgh7 42. Rg1 Rf2 43. Rb1 Rhh2 44. c5 dxc5 45. Bc4 Kd6 46. b6 axb6 47. Rxb6+ Kc7 48. Rb1 Rd2 49. Re1 Rhf2 50. Kb1 Kb6 51. Ka1 Ka5 52. Kb1 Kb4 53. Ka1 Kc3 54. Rc1+ Rc2 55. Re1 Kd2 56. Rh1 Rc1+ 57. Rxc1 Kxc1 0-1

[Event "RUS-ch Blitz Women 2018"]
[Site "Sochi"]
[Date "2018.10.07"]
[Round "19"]
[White "Sirotkina, Nina"]
[Black "Vasilevich, Irina"]
[Result "0-1"]
[ECO "A40"]
[WhiteElo "2021"]
[BlackElo "2258"]
[Annotator "NA"]
[PlyCount "53"]
[EventDate "2018.10.07"]
[EventType "swiss"]
[EventCountry "RUS"]
[SourceTitle "playchess.com"]
[Source "ChessBase"]
[SourceQuality "1"]
[TimeControl "180+2"]

1. d4 e6 2. Bf4 c5 3. e3 b6 4. Nf3 Bb7 5. Be2 Nf6 6. h3 Be7 7. O-O O-O 8. c3 d6 9. Nbd2 Re8 10. Bd3 Bf8 11. Bg5 Nbd7 12. e4 e5 13. dxe5 dxe5 14. Qe2 h6 15. Bh4 Qc7 16. a4 Rad8 17. Rfd1 Be7 18. Nc4 Nh5 19. Bxe7 Rxe7 20. g3 Nhf6 21. Ne3 Nf8 22. Nf5 Red7 23. Ne1 c4 24. Bc2 Rxd1 25. Rxd1 Rxd1 26. Qxd1 Bxe4 27. Bxe4 0-1

[Event "RUS-ch Blitz Women 2018"]
[Site "Sochi"]
[Date "2018.10.07"]
[Round "19"]
[White "Miroshnik, Ekaterina"]
[Black "Gritsayeva, Oksana"]
[Result "0-1"]
[ECO "E10"]
[WhiteElo "2016"]
[BlackElo "2378"]
[Annotator "NA"]
[PlyCount "58"]
[EventDate "2018.10.07"]
[EventType "swiss"]
[EventCountry "RUS"]
[SourceTitle "playchess.com"]
[Source "ChessBase"]
[SourceQuality "1"]
[TimeControl "180+2"]

1. d4 Nf6 2. c4 e6 3. Nf3 c5 4. d5 b5 $14 5. dxe6 fxe6 6. cxb5 a6 7. Nc3 axb5 8. Nxb5 Qa5+ 9. Nc3 d5 10. e3 Bd6 11. Bb5+ Bd7 12. Bxd7+ Nbxd7 13. O-O O-O 14. Qc2 Rfe8 15. b3 e5 16. Nd2 e4 17. Bb2 Bb8 18. Na4 Qc7 19. g3 Qd6 20. Rfc1 Ba7 21. Ba3 Rac8 22. Qb2 Ng4 23. Rc2 Qh6 24. Nf1 Nge5 25. Qc3 Qh3 26. Rd1 Nf3+ 27. Kh1 Re6 28. Rxd5 Rh6 29. Rxd7 Qxh2+ 0-1

[Event "RUS-ch Blitz Women 2018"]
[Site "Sochi"]
[Date "2018.10.07"]
[Round "19"]
[White "Bulatova, Kamaliya"]
[Black "Vinokur, Yuliya"]
[Result "1-0"]
[ECO "D00"]
[WhiteElo "1926"]
[BlackElo "2170"]
[Annotator "NA"]
[PlyCount "54"]
[EventDate "2018.10.07"]
[EventType "swiss"]
[EventCountry "RUS"]
[SourceTitle "playchess.com"]
[Source "ChessBase"]
[SourceQuality "1"]
[TimeControl "180+2"]

1. d4 d5 2. Bf4 e6 3. e3 c5 4. c3 Nc6 5. Nd2 Bd6 6. Bxd6 Qxd6 7. f4 cxd4 8. cxd4 Qb4 9. Qc2 Bd7 10. a3 Qa5 11. Ngf3 Rc8 12. Qd1 Nf6 13. Bd3 O-O 14. O-O b5 15. Ne5 b4 16. Nb3 Qb6 17. Nc5 Rfd8 18. Qe2 Ne7 19. Ncxd7 Nxd7 20. Bxh7+ Kf8 21. Bd3 Nxe5 22. fxe5 Ng8 23. axb4 Rd7 24. b5 Rcc7 25. Ra6 Qb8 26. Rxe6 Re7 27. Rxe7 Rxe7 1-0

[Event "RUS-ch Blitz Women 2018"]
[Site "Sochi"]
[Date "2018.10.07"]
[Round "20"]
[White "Kashlinskaya, Alina"]
[Black "Maltsevskaya, Aleksandra"]
[Result "0-1"]
[ECO "A50"]
[WhiteElo "2447"]
[BlackElo "2290"]
[Annotator "NA"]
[PlyCount "80"]
[EventDate "2018.10.07"]
[EventType "swiss"]
[EventCountry "RUS"]
[SourceTitle "playchess.com"]
[Source "ChessBase"]
[SourceQuality "1"]
[TimeControl "180+2"]

1. d4 Nf6 2. c4 b6 3. f3 Nc6 4. Nc3 e5 5. d5 Ne7 6. e4 Ng6 7. Be3 Bc5 8. Qd2 d6 9. Na4 Bxe3 10. Qxe3 a6 11. Nc3 O-O 12. g3 Ne8 13. Bd3 f5 14. exf5 Bxf5 15. Nge2 Bxd3 16. Qxd3 Nf6 17. Ne4 Nxe4 18. Qxe4 b5 19. h4 bxc4 20. h5 $17 Ne7 21. f4 Nf5 22. O-O-O exf4 23. Nxf4 Qf6 24. Qe6+ Qxe6 25. Nxe6 Rf7 26. Rhf1 Nxg3 27. Rxf7 Kxf7 28. Kc2 Nxh5 29. Rd4 Nf6 30. Nxc7 Rc8 31. Nxa6 h5 32. Nb4 g5 33. a4 h4 34. a5 h3 35. a6 g4 36. a7 g3 37. Nc6 Ra8 38. Rxc4 g2 39. Rb4 g1=Q 40. Rb8 Rxa7 0-1

[Event "RUS-ch Blitz Women 2018"]
[Site "Sochi"]
[Date "2018.10.07"]
[Round "20"]
[White "Bivol, Alina"]
[Black "Voit, Daria"]
[Result "1/2-1/2"]
[ECO "A30"]
[WhiteElo "2403"]
[BlackElo "2352"]
[Annotator "NA"]
[PlyCount "53"]
[EventDate "2018.10.07"]
[EventType "swiss"]
[EventCountry "RUS"]
[SourceTitle "playchess.com"]
[Source "ChessBase"]
[SourceQuality "1"]
[TimeControl "180+2"]

1. Nf3 c5 2. g3 b6 3. Bg2 Bb7 4. c4 Nf6 5. Nc3 e6 6. O-O Be7 7. e3 O-O 8. d4 cxd4 9. exd4 d5 10. Ne5 Bb4 11. Bg5 Bxc3 12. bxc3 h6 13. Bxf6 Qxf6 14. Qa4 Rd8 15. Rab1 Qe7 16. c5 bxc5 17. dxc5 Qc7 $16 18. Rfe1 Bc6 19. Nxc6 Qxc6 20. Qxc6 Nxc6 21. c4 Rac8 22. cxd5 exd5 23. Rb7 d4 24. Bxc6 Rxc6 25. Ree7 d3 26. Rxf7 d2 27. Rxg7+ 1/2-1/2

[Event "RUS-ch Blitz Women 2018"]
[Site "Sochi"]
[Date "2018.10.07"]
[Round "20"]
[White "Ambartsumova, Karina"]
[Black "Bodnaruk, Anastasia"]
[Result "0-1"]
[ECO "B90"]
[WhiteElo "2379"]
[BlackElo "2423"]
[Annotator "NA"]
[PlyCount "88"]
[EventDate "2018.10.07"]
[EventType "swiss"]
[EventCountry "RUS"]
[SourceTitle "playchess.com"]
[Source "ChessBase"]
[SourceQuality "1"]
[TimeControl "180+2"]

1. e4 c5 2. Nf3 d6 3. d4 cxd4 4. Nxd4 Nf6 5. Nc3 a6 6. Be3 e5 7. Nf3 Qc7 8. a4 Be7 9. a5 Be6 10. Be2 Nbd7 11. O-O O-O 12. Nd5 Bxd5 13. exd5 b5 14. axb6 Nxb6 15. Bxb6 Qxb6 16. b3 a5 17. Bc4 Ne4 18. Qe2 Nc5 19. Nd2 f5 20. Kh1 Bf6 21. Ra2 e4 22. Bb5 Ra7 23. Bc6 Qc7 24. Nc4 f4 25. Nd2 Qe7 26. Nc4 Bc3 27. f3 e3 28. g3 Bd4 29. Kg2 Rf6 30. Rxa5 Rxa5 31. Nxa5 fxg3 32. hxg3 Rg6 33. b4 Be5 34. f4 Ne4 35. Rf3 Bxf4 36. Rxf4 Nxg3 37. Qf3 e2 38. Bd7 e1=Q 39. Be6+ Rxe6 40. dxe6 Qe2+ 41. Kxg3 Qg5+ 42. Rg4 Qge5+ 43. Qf4 Q2e3+ 44. Kg2 Q3xf4 0-1

[Event "RUS-ch Blitz Women 2018"]
[Site "Sochi"]
[Date "2018.10.07"]
[Round "20"]
[White "Gritsayeva, Oksana"]
[Black "Miroshnik, Ekaterina"]
[Result "1-0"]
[ECO "C41"]
[WhiteElo "2378"]
[BlackElo "2016"]
[Annotator "NA"]
[PlyCount "207"]
[EventDate "2018.10.07"]
[EventType "swiss"]
[EventCountry "RUS"]
[SourceTitle "playchess.com"]
[Source "ChessBase"]
[SourceQuality "1"]
[TimeControl "180+2"]

1. e4 d6 2. d4 Nd7 3. Nc3 e5 4. Nf3 Ngf6 5. Bc4 Be7 6. O-O O-O 7. a4 c6 8. Ba2 Qc7 9. Re1 a6 10. a5 h6 11. Nh4 Re8 12. Nf5 Bf8 13. Be3 exd4 14. Bxd4 c5 15. Bxf6 Nxf6 16. Qf3 Be6 17. Nxh6+ Kh8 18. Nf5 Bxa2 19. Rxa2 d5 20. Ng3 Rad8 21. Raa1 d4 22. Nce2 c4 23. Nf4 Qe5 24. Ra4 Qb5 25. Ra2 d3 26. cxd3 cxd3 27. Rd1 Qb3 28. Raa1 Qxb2 29. Nxd3 Qd4 30. e5 Nd5 31. Qe4 Qxe4 32. Nxe4 Nb4 33. Nxb4 Bxb4 34. Rdb1 Rd4 35. Nd6 Bxd6 36. exd6 Rxd6 37. Rxb7 Kg8 38. Rb6 Ree6 39. Rab1 Kh7 40. g3 f6 41. Rxd6 Rxd6 42. Rb6 Rd1+ 43. Kg2 Ra1 44. Rxa6 Kg6 45. Ra7 Ra2 46. Kf3 Ra3+ 47. Kg2 Ra2 48. h3 Ra3 49. h4 Ra2 50. Kf3 Ra3+ 51. Kg4 Ra4+ 52. f4 Ra3 53. h5+ Kh6 54. a6 f5+ 55. Kh4 Ra1 56. Kh3 Rh1+ 57. Kg2 Ra1 58. Ra8 Kxh5 59. Rh8+ Kg6 60. Ra8 Ra2+ 61. Kf3 Ra4 62. a7 Ra3+ 63. Ke2 Ra2+ 64. Kd3 Ra3+ 65. Kc4 Ra2 66. Kb5 Ra1 67. Kb6 Rb1+ 68. Kc7 Rc1+ 69. Kd7 Rd1+ 70. Ke6 Re1+ 71. Kd7 Rd1+ 72. Ke7 Re1+ 73. Kf8 Ra1 74. Kg8 Ra3 75. Kf8 Ra1 76. Ke7 Re1+ 77. Kd6 Rd1+ 78. Kc5 Rc1+ 79. Kb5 Rb1+ 80. Kc4 Rc1+ 81. Kd3 Rd1+ 82. Ke2 Ra1 83. Kf3 Ra3+ 84. Kg2 Ra2+ 85. Kh3 Ra3 86. Kh4 Ra1 87. g4 fxg4 88. Kxg4 Ra4 89. Kf3 Ra3+ 90. Ke4 Ra4+ 91. Ke5 Ra5+ 92. Ke6 Ra6+ 93. Ke7 Ra1 94. f5+ Kh7 95. Kf7 Ra5 96. f6 gxf6 97. Kxf6 Ra6+ 98. Ke5 Ra5+ 99. Kd6 Ra6+ 100. Kc5 Ra5+ 101. Kb6 Ra1 102. Rd8 Rb1+ 103. Kc5 Rc1+ 104. Kb4 1-0

[Event "RUS-ch Blitz Women 2018"]
[Site "Sochi"]
[Date "2018.10.07"]
[Round "20"]
[White "Vasilevich, Tatjana"]
[Black "Styazhkina, Anna"]
[Result "1-0"]
[ECO "D12"]
[WhiteElo "2360"]
[BlackElo "2128"]
[Annotator "NA"]
[PlyCount "99"]
[EventDate "2018.10.07"]
[EventType "swiss"]
[EventCountry "RUS"]
[SourceTitle "playchess.com"]
[Source "ChessBase"]
[SourceQuality "1"]
[TimeControl "180+2"]

1. d4 d5 2. c4 c6 3. Nf3 Nf6 4. e3 Bf5 5. Nc3 e6 6. Nh4 Be4 7. f3 Bg6 8. Nxg6 hxg6 9. Qb3 Qb6 10. Bd2 Nbd7 11. Qxb6 axb6 12. Kf2 Bd6 13. g3 g5 14. Bd3 dxc4 15. Bxc4 b5 16. Bd3 e5 17. Kg2 g4 18. Rhf1 gxf3+ 19. Rxf3 exd4 20. exd4 O-O 21. Bg5 b4 22. Ne4 Nxe4 23. Bxe4 Rfe8 24. Bf5 Nb6 25. Rf2 Nd5 26. Bd3 f6 27. Bd2 Red8 28. Bc4 Bc7 29. Bxb4 Bb6 30. Bc5 Bxc5 31. dxc5 Ra5 32. b4 Ra4 33. a3 Kf8 34. Bxd5 Rxd5 35. Rf3 Rd2+ 36. Kh3 Rb2 37. Rd3 Rbxb4 38. axb4 Rxa1 39. Rd8+ Ke7 40. Rc8 Ra7 41. Rc7+ Kf8 42. Kg4 Ra2 43. h4 Ra7 44. Kf5 Ra8 45. Kg6 Re8 46. Rf7+ Kg8 47. Rxg7+ Kh8 48. Rh7+ Kg8 49. Rxb7 Re3 50. Rb8+ 1-0

[Event "RUS-ch Blitz Women 2018"]
[Site "Sochi"]
[Date "2018.10.07"]
[Round "20"]
[White "Charochkina, Daria"]
[Black "Guseva, Marina"]
[Result "1/2-1/2"]
[ECO "D52"]
[WhiteElo "2344"]
[BlackElo "2292"]
[Annotator "NA"]
[PlyCount "115"]
[EventDate "2018.10.07"]
[EventType "swiss"]
[EventCountry "RUS"]
[SourceTitle "playchess.com"]
[Source "ChessBase"]
[SourceQuality "1"]
[TimeControl "180+2"]

1. d4 d5 2. c4 c6 3. Nc3 Nf6 4. Nf3 e6 5. Bg5 Nbd7 6. e3 Qa5 7. Nd2 Bb4 8. Qc2 O-O 9. Be2 c5 10. Bf4 cxd4 11. exd4 Re8 12. O-O Bxc3 13. bxc3 e5 14. Be3 Qc7 15. c5 b6 16. Nb3 bxc5 17. dxc5 a5 18. a4 Ba6 19. Bb5 Reb8 20. Qe2 Bb7 21. f3 Bc6 22. Rab1 Bxb5 23. axb5 a4 24. Nd2 Nxc5 25. c4 d4 26. Bg5 Nfd7 27. f4 f6 28. Bh4 a3 29. Qg4 e4 30. Nxe4 Nxe4 31. Qe6+ Kh8 32. Qxe4 Qd6 33. Bf2 a2 34. Rbd1 Nc5 35. Qxd4 Qxd4 36. Bxd4 Nb3 37. Ba1 Ra4 38. Rd3 Nxa1 39. Rxa1 Rxc4 40. Rxa2 Rb4 41. Rad2 h6 42. Rd8+ Rxd8 43. Rxd8+ Kh7 44. Rd5 Rxf4 45. g3 Rb4 46. Kg2 Kg6 47. h4 h5 48. Kf3 Kh6 49. Ke3 g5 50. hxg5+ fxg5 51. Rd6+ Kg7 52. b6 h4 53. gxh4 gxh4 54. Kf3 Kf7 55. Rh6 Ke7 56. b7 Kd7 57. Rh7+ Kc6 58. Rxh4 1/2-1/2

[Event "RUS-ch Blitz Women 2018"]
[Site "Sochi"]
[Date "2018.10.07"]
[Round "20"]
[White "Maletina, Tatiana"]
[Black "Dordzhieva, Dinara"]
[Result "0-1"]
[ECO "E80"]
[WhiteElo "2270"]
[BlackElo "2340"]
[Annotator "NA"]
[PlyCount "168"]
[EventDate "2018.10.07"]
[EventType "swiss"]
[EventCountry "RUS"]
[SourceTitle "playchess.com"]
[Source "ChessBase"]
[SourceQuality "1"]
[TimeControl "180+2"]

1. d4 d6 2. c4 g6 3. e4 Bg7 4. Nc3 Nf6 5. f3 c5 6. Be3 Nc6 7. Nge2 Qa5 8. d5 Ne5 9. Ng3 h5 10. Be2 O-O 11. Qd2 e6 12. O-O h4 13. Nh1 exd5 14. cxd5 a6 15. a4 Qb4 16. Nf2 Nc4 17. Bxc4 Qxc4 18. Nd3 Nd7 19. f4 Bxc3 20. Qxc3 Qxe4 21. Rae1 Qxd5 22. f5 Ne5 23. Nf4 Qc4 24. Qd2 Bxf5 25. Qxd6 Rfe8 26. Nd5 Re6 27. Qxc5 Qxc5 28. Bxc5 Rae8 29. Nc7 Nf3+ 30. gxf3 Rxe1 31. Nxe8 Rxe8 32. Bd4 h3 33. Rc1 Re2 34. Rd1 Kh7 35. Bf6 Rg2+ 36. Kh1 g5 37. Rd5 Kg6 38. Bc3 Be6 39. Rd2 Rxd2 40. Bxd2 Bd5 41. Kg1 Bxf3 42. Kf2 Bc6 43. a5 f6 44. Kg3 Bd7 45. b4 Be6 46. Be3 Bd7 47. Bc5 Kf7 48. Bd4 Bf5 49. Bb6 Ke6 50. Bd8 Ke5 51. Bc7+ Ke6 52. Bd8 Kf7 53. Bb6 Kg6 54. Bd8 Bd7 55. Be7 f5 56. Kxh3 f4+ 57. Kg2 Kf5 58. h3 Bc6+ 59. Kf2 Be4 60. Bd8 Kg6 61. Be7 Bf5 62. Kg2 Kh5 63. Bd8 Kh4 64. Bb6 Bxh3+ 65. Kf3 Bf5 66. Kg2 g4 67. Bd8+ Kh5 68. Bc7 Be4+ 69. Kg1 Kg5 70. Bd8+ Kf5 71. Bc7 g3 72. Kf1 Kg4 73. Kg1 f3 74. Bb6 f2+ 75. Bxf2 gxf2+ 76. Kxf2 Kf4 77. Ke2 Bc6 78. Kd3 Ke5 79. Kc4 Ke4 80. Kc5 Kd3 81. b5 Bxb5 82. Kb4 Bc6 83. Kc5 Kc3 84. Kb6 Kb4 0-1

[Event "RUS-ch Blitz Women 2018"]
[Site "Sochi"]
[Date "2018.10.07"]
[Round "20"]
[White "Vasilevich, Irina"]
[Black "Sirotkina, Nina"]
[Result "1-0"]
[ECO "A22"]
[WhiteElo "2258"]
[BlackElo "2021"]
[Annotator "NA"]
[PlyCount "51"]
[EventDate "2018.10.07"]
[EventType "swiss"]
[EventCountry "RUS"]
[SourceTitle "playchess.com"]
[Source "ChessBase"]
[SourceQuality "1"]
[TimeControl "180+2"]

1. c4 e5 2. Nc3 Nf6 3. g3 d5 4. cxd5 Nxd5 5. Bg2 Nb6 6. e3 Be7 7. Nge2 c6 8. f4 exf4 9. Nxf4 O-O 10. O-O N8d7 11. b3 Bf6 12. Bb2 g6 13. Qc2 Bg7 14. Ne4 Ne5 15. d4 Ng4 16. Rae1 Bf5 17. Qc1 Qd7 18. Nc5 Qc7 19. e4 Bd7 20. h3 Nh6 21. Kh2 Nc8 22. d5 cxd5 23. Bxg7 Kxg7 24. Qb2+ f6 25. Nce6+ Bxe6 26. Nxe6+ 1-0

[Event "RUS-ch Blitz Women 2018"]
[Site "Sochi"]
[Date "2018.10.07"]
[Round "20"]
[White "Nebolsina, Vera"]
[Black "Kovanova, Baira"]
[Result "0-1"]
[ECO "C47"]
[WhiteElo "2220"]
[BlackElo "2205"]
[Annotator "NA"]
[PlyCount "76"]
[EventDate "2018.10.07"]
[EventType "swiss"]
[EventCountry "RUS"]
[SourceTitle "playchess.com"]
[Source "ChessBase"]
[SourceQuality "1"]
[TimeControl "180+2"]

1. e4 e5 2. Nf3 Nc6 3. Nc3 Nf6 4. d4 exd4 5. Nxd4 Bb4 6. Nxc6 bxc6 7. Bd3 O-O 8. O-O d5 9. exd5 cxd5 10. Bg5 c6 11. Ne2 h6 12. Bh4 Re8 13. Nd4 Bd7 14. Nf5 Bf8 15. Qf3 g5 16. Bg3 Ne4 17. Ne3 Nd2 18. Qh5 Nxf1 19. Rxf1 Qf6 20. h4 Rab8 21. hxg5 Qxg5 22. Qh2 Rxb2 23. Bf4 Qf6 24. Qg3+ Bg7 25. a4 Rb4 26. Bd6 Rxa4 27. Rb1 d4 28. Nc4 Qg5 29. Qf3 Qg4 30. Rb7 Qxf3 31. gxf3 Be6 32. Nd2 Bd5 33. Ne4 Ra1+ 34. Kg2 a5 35. Bc5 a4 36. Ra7 Bxe4 37. Bxe4 Bf8 38. Bxc6 Bxc5 0-1

[Event "RUS-ch Blitz Women 2018"]
[Site "Sochi"]
[Date "2018.10.07"]
[Round "20"]
[White "Vinokur, Yuliya"]
[Black "Bulatova, Kamaliya"]
[Result "1/2-1/2"]
[ECO "E04"]
[WhiteElo "2170"]
[BlackElo "1926"]
[Annotator "NA"]
[PlyCount "64"]
[EventDate "2018.10.07"]
[EventType "swiss"]
[EventCountry "RUS"]
[SourceTitle "playchess.com"]
[Source "ChessBase"]
[SourceQuality "1"]
[TimeControl "180+2"]

1. d4 Nf6 2. c4 e6 3. g3 d5 4. Nf3 dxc4 5. Bg2 Bb4+ 6. Nc3 O-O 7. O-O Nc6 8. a3 Be7 9. e4 a6 10. Qe2 b5 11. Rd1 Na5 12. Bg5 Nb3 13. Rab1 h6 14. Bxf6 Bxf6 15. e5 Be7 16. d5 Qe8 17. d6 Bd8 18. Nd4 Nxd4 19. Rxd4 c6 20. Ne4 Bb6 21. Rd2 Bd7 22. Qg4 Kh8 23. Rbd1 f5 24. exf6 gxf6 25. Qh4 Qg6 26. Nc3 Rac8 27. Ne2 e5 28. Nc3 Bd4 29. Kh1 f5 30. f4 Bxc3 31. bxc3 e4 32. Rd4 Rfe8 1/2-1/2

[Event "RUS-ch Blitz Women 2018"]
[Site "Sochi"]
[Date "2018.10.07"]
[Round "20"]
[White "Solozhenkina, Elizaveta"]
[Black "Potapova, Margarita"]
[Result "1-0"]
[ECO "B54"]
[WhiteElo "2134"]
[BlackElo "2284"]
[Annotator "NA"]
[PlyCount "67"]
[EventDate "2018.10.07"]
[EventType "swiss"]
[EventCountry "RUS"]
[SourceTitle "playchess.com"]
[Source "ChessBase"]
[SourceQuality "1"]
[TimeControl "180+2"]

1. e4 c5 2. Nf3 d6 3. d4 cxd4 4. Nxd4 Nf6 5. f3 Nc6 6. c4 e6 7. Nc3 d5 8. cxd5 exd5 9. Bb5 Qd6 10. O-O dxe4 11. Nxc6 a6 12. Ba4 Qc5+ 13. Nd4+ b5 14. Bb3 Bd6 15. Nxe4 Nxe4 16. fxe4 O-O 17. Be3 Qc7 18. Qh5 Bb7 19. Nf5 Bxe4 20. Nxd6 Qxd6 21. Bxf7+ Kh8 22. Bb3 Bg6 23. Qh3 Qe7 24. Bd4 Qd6 25. Bc3 Qc5+ 26. Kh1 b4 27. Bd2 Qd4 28. Bg5 Qe5 29. Bh4 Qxb2 30. Be7 Rfe8 31. Bxb4 a5 32. Bc3 Qa3 33. Bf7 Bxf7 34. Bxg7+ 1-0